 Dungeon Crawl Stone Soup version 0.27-a0-343-gfcad680f63 (webtiles) character file.

Game seed: 15096855932852018746

1859 quinnr the Basher (level 9, -3/78 HPs)
             Began as a Gargoyle Monk on Feb 14, 2021.
             Slain by a warg (6 damage)
             ... on level 7 of the Dungeon.
             The game lasted 00:22:27 (8300 turns).

quinnr the Basher (Gargoyle Monk)                   Turns: 8300, Time: 00:22:28

Health: -3/78      AC: 24    Str: 19    XL:     9   Next: 13%
Magic:  9/9        EV:  2    Int: 10    God:
Gold:   255        SH:  0    Dex: 12    Spells: 8/8 levels left

rFire    . . .     SeeInvis .   w - +0 dire flail
rCold    . . .     Faith    +   (shield currently unavailable)
rNeg     + + +     Spirit   .   (armour currently unavailable)
rPois    ∞         Reflect  .   (helmet currently unavailable)
rElec    .         Harm     .   (cloak currently unavailable)
rCorr    .         Rampage  .   (gloves currently unavailable)
Will     .....     NoTele   +   (boots currently unavailable)
Stlth    ++........             g - amulet of faith
HPRegen  0.23/turn              (no ring)
MPRegen  0.11/turn              (no ring)

@: tree-form
A: negative energy resistance 1, petrification resistance, miasma immunity, AC
+6
a: no special abilities


You were on level 7 of the Dungeon.
You were a tree.
You visited 1 branch of the dungeon, and saw 7 of its levels.

You collected 351 gold pieces.
You spent 96 gold pieces at shops.

Inventory:

Hand Weapons
 a - a +0 mace
 r - a +0 flail
 w - a +0 dire flail (weapon)
Armour
 b - a +0 robe
 c - a +0 plate armour (melded)
 k - a +0 helmet (melded)
 z - the +3 kite shield of Immorality {Will- Dex+2 Slay+5 SInv, unknown}
   (You found it on level 5 of the Dungeon)

   It affects your dexterity (+2).
   It affects your accuracy and damage with ranged weapons and melee attacks
   (+5).
   It affects your willpower, your defense against some magical effects.
   It lets you see invisible.
 B - a +0 pair of gloves (melded)
Jewellery
 g - an amulet of faith (around neck)
 i - a ring of ice {unknown}
 q - a +6 ring of intelligence {unknown}
 s - a ring of resist corrosion {unknown}
Wands
 A - a wand of polymorph (2)
Scrolls
 f - 2 scrolls of amnesia {unknown}
 h - 3 scrolls of fear
 j - a scroll of enchant weapon {unknown}
 m - 2 scrolls of magic mapping
 n - 2 scrolls of immolation {unknown}
 y - a scroll of silence {unknown}
Potions
 d - a potion of cancellation
 l - 2 potions of resistance
 u - a potion of attraction
 x - a potion of degeneration


   Skills:
 - Level 4.0 Fighting
 + Level 10.1 Maces & Flails
 - Level 4.0 Armour
 - Level 2.4 Dodging
 - Level 2.1 Stealth
 - Level 4.0 Evocations


You had 8 spell levels left.
You didn't know any spells.
Your spell library was empty.

Dungeon Overview and Level Annotations

Branches:
Dungeon (7/15)
 Temple: D:4-7

Altars:
Kikubaaqudgha
Ru
Uskayaw
Yredelemnul

Shops:
D:4 (


Innate Abilities, Weirdness & Mutations

You are resistant to torment.
((Your stone body is resilient. (AC +6)))
You are immune to poison.
You resist negative energy. (rN+)
((You are resistant to electric shocks. (rElec)))
((You can survive without breathing.))
You are immune to petrification.
You are immune to miasma.


Message History

You closely miss the warg.
The warg is severely wounded.
Your extra speed is starting to run out.
The warg bites you but does no damage.
You hit the warg but do no damage.
The warg is severely wounded.
The warg completely misses you. The warg bites you but does no damage.
You closely miss the warg.
The warg is severely wounded.
You closely miss the warg.
The warg is severely wounded.
The warg bites you but does no damage. x2
You hit the warg but do no damage.
The warg is severely wounded.
The warg bites you but does no damage. x2
You barely miss the warg.
The warg is severely wounded.
The warg bites you but does no damage.
You miss the warg.
The warg is severely wounded.
The warg bites you but does no damage.
You miss the warg.
The warg is severely wounded.
The warg bites you! The warg completely misses you.
You closely miss the warg.
The warg is severely wounded.
You feel yourself slow down. The warg bites you!
* * * LOW HITPOINT WARNING * * *
Really quaff the potion of lignification?
You turn into a tree.
Your +0 helmet melds into your body.
Your +0 pair of gloves melds into your body.
Your +0 plate armour melds into your body.
Your roots penetrate the ground.
The warg bites you!
* * * LOW HITPOINT WARNING * * *
The warg bites you but does no damage. The warg bites you.
* * * LOW HITPOINT WARNING * * *
Okay, then.
You closely miss the warg. The warg bites you.
You die...

##################
#♣hhh.............
#≈h≈≈≈≈≈≈≈≈≈≈≈≈≈≈≈
≈≈≈≈≈≈≈≈≈≈≈≈≈≈≈≈≈≈≈≈≈
≈≈≈≈≈≈h≈h≈≈≈≈≈≈≈≈≈≈≈≈≈
.......$.../.P.........
...........P...........
#######################


You could see 6 wargs.

Vanquished Creatures
  2 wargs (D:7)
  A water moccasin (D:6)
  An ice beast (D:5)
  A sky beast (D:6)
  4 ogres
  A phantom (D:5)
  A bullfrog (D:5)
  A howler monkey (D:6)
  A centaur zombie (D:5)
  3 orc priests
  A bullfrog skeleton (D:6)
  A centaur skeleton (D:5)
  A hound (D:5)
  2 jellies
  A worker ant (D:6)
  An iguana (D:4)
  7 orc wizards
  A hound skeleton (D:5)
  A howler monkey zombie (D:5)
  A worker ant zombie (D:5)
  Robin (D:2)
  3 gnolls (D:5)
  9 adders
  2 white imps
  An ufetubus (D:5)
  An ooze (D:1)
  4 worms
  6 dart slugs
  7 leopard geckos
  24 orcs
  2 ball pythons
  4 giant cockroaches
  10 goblins
  13 hobgoblins
  4 jackals (D:2)
  4 kobolds
  3 quokkas
  7 bats
  3 frilled lizards
  A leopard gecko zombie (D:5)
  6 rats
  A spectral orc (D:2)
149 creatures vanquished.

Vanquished Creatures (others)
  19 plants
19 creatures vanquished.

Grand Total: 168 creatures vanquished

Notes
Turn   | Place    | Note
-------+----------+-------------------------------------------
     0 | D:1      | quinnr the Gargoyle Monk began the quest for the Orb.
     0 | D:1      | Reached XP level 1. HP: 14/14 MP: 1/1
   421 | D:1      | Reached skill level 1 in Armour
   424 | D:1      | Reached XP level 2. HP: 15/19 MP: 2/2
   739 | D:1      | Reached XP level 3. HP: 23/23 MP: 3/3
  1344 | D:2      | Reached skill level 4 in Maces & Flails
  1597 | D:2      | Reached XP level 4. HP: 28/28 MP: 4/4
  1773 | D:2      | Noticed Robin
  1873 | D:2      | Killed Robin
  2002 | D:2      | Reached skill level 5 in Maces & Flails
  2483 | D:2      | Found a basalt altar of Yredelemnul.
  2935 | D:3      | Reached XP level 5. HP: 32/32 MP: 5/5
  2951 | D:3      | You fall into a shaft and drop 2 floors!
  2951 | D:5      | Entered Level 5 of the Dungeon
  3190 | D:5      | Noticed a phantom
  3214 | D:5      | Killed a phantom
  3215 | D:5      | Reached skill level 6 in Maces & Flails
  3215 | D:5      | Reached XP level 6. HP: 26/37 MP: 6/6
  3643 | D:5      | Reached skill level 7 in Maces & Flails
  3643 | D:5      | Reached XP level 7. HP: 41/41 MP: 7/7
  3846 | D:5      | Reached skill level 1 in Evocations
  4211 | D:4      | Found a sacrificial altar of Ru.
  4780 | D:3      | Found an ancient bone altar of Kikubaaqudgha.
  5453 | D:4      | Found a hide-covered altar of Uskayaw.
  5515 | D:4      | Found Vathodor's Antique Weapon Shop.
  5520 | D:4      | Bought a dire flail for 96 gold pieces
  6397 | D:5      | Got a blackened kite shield
  6409 | D:5      | Reached XP level 8. HP: 34/48 MP: 8/8
  7168 | D:6      | Reached skill level 8 in Maces & Flails
  7750 | D:6      | Reached skill level 9 in Maces & Flails
  8246 | D:7      | HP: 4/48 [warg (6)]
  8263 | D:7      | Reached XP level 9. HP: 22/52 MP: 9/9
  8285 | D:7      | Reached skill level 10 in Maces & Flails
  8299 | D:7      | HP: 3/78 [warg (5)]
  8300 | D:7      | Slain by a warg

Illustrated notes

Levels and vault maps discovered:
D:1:      dpeg_arrival_tiny_h, layout_basic, corexii_corridor_pit,
          serial_park_tiny_pond, chequers_decorated_corner,
          minmay_misc_feat_chi, chequers_serial_rivers_small_a
D:2:      layout_basic, yredelemnul_forgotten_temple_becter, uniq_robin
D:3:      layout_basic, general_overflow_altar
D:4:      layout_cave_pools, kennysheep_mini, serial_shops,
          kennysheep_little_box, minivault_27, serial_bayou_lagoon_a,
          hangedman_ru_absence
D:5:      layout_loops_corners, grunt_decor_mini_mirrors
D:6:      layout_loops_ring
D:7:      lemuel_castle_with_subvaults [lemuel_castle_interior_carwin_2],
          layout_basic, nicolae_overflow_hidden_temple,
          minmay_temple_entry_junction, serial_glass, glass_columns_b,
          glass_columns_a, evilmike_ruin_ashenzari, uniq_harold, uniq_joseph

Skill      XL: |  1  2  3  4  5  6  7  8  9 |
---------------+----------------------------+-----
Armour         | 1 2 3 4 |  4.0
Maces & Flails | 4 5 6 7 9 10 | 10.1
Evocations     | 3 4 |  4.0
Fighting       | 4 |  4.0
Dodging        | |  2.4
Stealth        | |  2.1

Action                   |  1- 3 |  4- 6 |  7- 9 || total
-------------------------+-------+-------+-------++-------
Melee: Mace              |   146 |   189 |    99 ||   434
       Flail             |       |       |   107 ||   107
       Dire flail        |       |       |   234 ||   234
Evoke: Wand              |       |       |    24 ||    24
  Use: Scroll            |     3 |       |    11 ||    14
       Potion            |       |       |     3 ||     3
Armor: Plate armour      |   148 |   174 |   299 ||   621
       Skin              |       |       |     1 ||     1
Dodge: Dodged            |    49 |    60 |   137 ||   246

Table legend: (Time is in decaauts)
 A = Elapsed time spent in this place.
 B = Non-inter-level travel time spent in this place.
 C = Inter-level travel time spent in this place.
 D = Time resting spent in this place.
 E = Time spent auto-exploring this place.
 F = Levels seen in this place.
 G = Mean time per level.
                   A        B        C        D        E       F      G
               +--------+--------+--------+--------+--------+-----+--------+
         Total |   8342 |   7898 |    444 |   1950 |   4322 |   7 | 1191.7 |
       Dungeon |   8342 |   7898 |    444 |   1950 |   4322 |   7 | 1191.7 |
               +--------+--------+--------+--------+--------+-----+--------+

Top non-repeatable levels by time:
     D:5: 2285 daAuts
     D:2: 1590 daAuts
     D:1: 1370 daAuts
     D:4: 1050 daAuts
     D:3: 1033 daAuts
     D:6: 959 daAuts
     D:7: 53 daAuts
